 Dungeon Crawl Stone Soup version 0.26-a0-1139-g7d2dc893a1 (webtiles) character file.

Game seed: 11498196621670332926

6103 sahdkjhfkaj the Brawler (level 10, -9/139 HPs)
             Began as a Troll Berserker on Dec 21, 2020.
             Was an Elder of Trog.
             Killed from afar by a fire dragon (37 damage)
             ... with a blast of flame
             ... on level 9 of the Dungeon.
             The game lasted 00:06:31 (3621 turns).

sahdkjhfkaj the Brawler (Troll Berserker)           Turns: 3621, Time: 00:06:31

Health: -9/139     AC:  9    Str: 27    XL:     10   Next: 58%
Magic:  9/9        EV: 11    Int:  4    God:    Trog [****..]
Gold:   392        SH:  0    Dex: 17    Spells: 9/9 levels left

rFire    . . .     SeeInvis .     - Unarmed
rCold    . . .     Faith    .   (no shield)
rNeg     . . .     Spirit   .   a - +0 animal skin
rPois    .         Reflect  .   n - +2 hat
rElec    .         Harm     .   c - +0 cloak
rCorr    .         Rampage  .   (gloves unavailable)
Will     +++..                  (boots unavailable)
Stlth    ..........             (no amulet)
HPRegen  1.73/turn              b - ring of Voyporr {Will+ Dex+6}
MPRegen  0.11/turn              (no ring)

@: berserking, regenerating, very quick
A: large, unfitting armour, claws 3, regeneration 1, shaggy fur 1, tough skin 3
a: Renounce Religion, Berserk, Trog's Hand, Brothers in Arms


You were on level 9 of the Dungeon.
You worshipped Trog.
Trog was greatly pleased with you.
You visited 1 branch of the dungeon, and saw 9 of its levels.

You collected 392 gold pieces.

Inventory:

Armour
 a - a +0 animal skin (worn)
 c - a +0 cloak (worn)
 n - a +2 hat (worn)
Jewellery
 b - the ring of Voyporr (left claw) {Will+ Dex+6}
   (You found it on level 4 of the Dungeon)

   [ring of dexterity]

   It affects your dexterity (+6).
   It affects your willpower, your defense against some magical effects.
Wands
 h - a wand of acid (10)
 o - a wand of iceblast (7)
 p - a wand of polymorph (10)
Scrolls
 d - a scroll of remove curse
 g - 4 scrolls of identify
Potions
 e - a potion of heal wounds
 f - a potion of lignification {unknown}
 i - 4 potions of curing
 j - 2 potions of haste
 k - a potion of resistance {unknown}
 l - a potion of might {unknown}
 m - 2 potions of mutation {unknown}
 q - a potion of attraction {unknown}


   Skills:
 + Level 4.2 Fighting
 - Level 2.4 Dodging
 - Level 15.0 Unarmed Combat


You had 9 spell levels left.
You didn't know any spells.
Your spell library was empty.

Dungeon Overview and Level Annotations

Branches:
Dungeon (9/15)             Temple (0/1) D:5            Lair (0/6) D:9
    Orc: D:9-12

Altars:
Cheibriados
Elyvilon
Hepliaklqana
Nemelex Xobeh
Trog
Xom
Yredelemnul


Innate Abilities, Weirdness & Mutations

You are too large for most types of armour.
You have claws for hands.
Your natural rate of healing is unusually fast.
You are covered in fur. (AC +1)
You have extremely tough skin. (AC +3)


Message History

You stumble backwards!
You mangle the fire dragon!!
The fire dragon is almost dead.
You scratch the fire dragon but do no damage.
The fire dragon is almost dead.
The fire dragon bites you!
* * * LOW HITPOINT WARNING * * *
The fire dragon claws you!
* * * LOW HITPOINT WARNING * * *
The fire dragon tramples you.
* * * LOW HITPOINT WARNING * * *
You hold your ground!
Press: ? - help, v - describe, . - travel
Here: a fire dragon (almost dead, catching its breath)
The floor, spattered with blood.
You barely miss the fire dragon.
The fire dragon is almost dead.
The fire dragon breathes flames at you. The blast of flame hits you!!!
You die...

#........#......#
#####..###...<..#
##.##.###.......# #.....#
#.......#
##.######.##.##.# #.#
#.....##.# #.# #..#####.#
#########.# #..#####.#
#.$....@#.### #..>.....#
#......D...[# #.....##.#
#..##.#.#.#.# #.#.#.....
..:. ...#.#.......#.#.##.#
.##..#.....##.#####.#.##.#
#. ##.#..# .# #......# #
....... . ###.####
.....≈≈≈≈ . ##.##
####§≈≈≈≈≈≈ !# #...#


You could see a fire dragon (catching breath).

Vanquished Creatures
  Gastronok (D:8)
  A two-headed ogre (D:8)
  Maggie (D:8)
  An orc warrior (D:6)
  2 black bears
  A sky beast (D:8)
  3 phantoms
  3 necrophages (D:9)
  4 ogres
  2 ice beasts (D:8)
  A hornet zombie (D:9)
  4 centaurs
  2 big kobolds
  A gnoll sergeant (D:8)
  4 bullfrogs
  2 scorpions (D:8)
  A jelly (D:8)
  2 wights (D:9)
  4 howler monkeys
  A bullfrog zombie (D:8)
  5 hounds
  3 human zombies (D:9)
  3 orc wizards
  3 orc priests (D:4)
  A human skeleton (D:9)
  2 bullfrog skeletons
  An iguana (D:5)
  7 worker ants
  3 mummies (D:9)
  A worker ant zombie (D:5)
  3 gnolls (D:8)
  3 adders
  A shadow imp (D:5)
  A white imp (D:9)
  An ufetubus (D:5)
  An ooze (D:2)
  An adder zombie (D:5)
  An adder skeleton (D:4)
  5 dart slugs
  2 leopard geckos (D:1)
  19 orcs
  3 giant cockroaches
  4 goblins (D:1)
  7 hobgoblins
  3 quokkas
  5 frilled lizards
  A giant cockroach zombie (D:5)
  9 kobolds
  A leopard gecko skeleton (D:5)
  A leopard gecko zombie (D:5)
  A quokka skeleton (D:4)
  4 rats
147 creatures vanquished.

Notes
Turn   | Place    | Note
-------+----------+-------------------------------------------
     0 | D:1      | sahdkjhfkaj the Troll Berserker began the quest for the
                  | Orb.
     0 | D:1      | Reached XP level 1. HP: 22/22 MP: 0/0
   171 | D:1      | Reached XP level 2. HP: 29/29 MP: 1/1
   560 | D:1      | Reached XP level 3. HP: 35/36 MP: 2/2
   582 | D:1      | Reached skill level 4 in Unarmed Combat
   709 | D:2      | Reached ** piety under Trog
   765 | D:2      | Found a snail-covered altar of Cheibriados.
   921 | D:3      | Reached XP level 4. HP: 41/44 MP: 3/3
   931 | D:3      | Reached skill level 5 in Unarmed Combat
   995 | D:4      | Got a wavering lapis lazuli ring
   997 | D:4      | Identified the ring of Voyporr {Will+ Dex+6} (You found it
                  | on level 4 of the Dungeon)
  1010 | D:4      | Noticed an ogre
  1015 | D:4      | Killed an ogre
  1016 | D:4      | Reached skill level 6 in Unarmed Combat
  1016 | D:4      | Reached XP level 5. HP: 50/50 MP: 4/4
  1124 | D:4      | Reached XP level 6. HP: 57/59 MP: 5/5
  1265 | D:4      | Reached skill level 7 in Unarmed Combat
  1470 | D:4      | Reached XP level 7. HP: 66/66 MP: 6/6
  1473 | D:4      | Reached skill level 8 in Unarmed Combat
  1554 | D:5      | Entered Level 5 of the Dungeon
  1619 | D:5      | Found a staircase to the Ecumenical Temple.
  1694 | D:5      | Reached skill level 9 in Unarmed Combat
  1736 | D:5      | Reached *** piety under Trog
  1836 | D:6      | Reached XP level 8. HP: 57/74 MP: 7/7
  1848 | D:6      | Reached skill level 10 in Unarmed Combat
  1905 | D:6      | Found a hazy altar of Hepliaklqana.
  1957 | D:7      | Found a sparkling altar of Nemelex Xobeh.
  2112 | D:8      | Noticed Gastronok
  2123 | D:8      | Killed Gastronok
  2124 | D:8      | Reached skill level 13 in Unarmed Combat
  2124 | D:8      | Reached XP level 9. HP: 80/80 MP: 8/8
  2173 | D:8      | Found a white marble altar of Elyvilon.
  2234 | D:8      | Noticed Maggie
  2257 | D:8      | Killed Maggie
  2390 | D:8      | Found a bloodstained altar of Trog.
  2396 | D:8      | Reached **** piety under Trog
  2469 | D:8      | Reached skill level 14 in Unarmed Combat
  2469 | D:8      | Reached XP level 10. HP: 80/88 MP: 9/9
  2736 | D:8      | Noticed a two-headed ogre
  2743 | D:8      | Killed a two-headed ogre
  3182 | D:9      | Found a shimmering altar of Xom.
  3311 | D:9      | Reached skill level 15 in Unarmed Combat
  3447 | D:9      | Found a basalt altar of Yredelemnul.
  3607 | D:9      | Noticed a fire dragon
  3610 | D:9      | Found a staircase to the Lair.
  3615 | D:9      | HP: 3/93 [fire dragon/blast of flame (55)]
  3621 | D:9      | Killed from afar by a fire dragon

Illustrated notes

Levels and vault maps discovered:
D:1:      lightli_arrival_farm, layout_basic, minmay_tromino_v4_a
D:2:      layout_loops_corners, cheibriados_altar_1
D:3:      layout_loops_cross, lemuel_round_altar, nicolae_overflow_hidden_temple
D:4:      layout_loops_ring, grunt_decor_mini_mirrors
D:5:      layout_basic, demons_altar, minmay_temple_entry_steel_oval, uniq_pikel
D:6:      nicolae_whirlpool, layout_rooms, lemuel_crystal_altar,
          okawaru_ov_weapons_minmay, serial_shops,
          nicolae_shop_overgrown_old_shop, shop, shop,
          minmay_misc_feat_diagonals, tso_metal_star
D:7:      minmay_the_grid_square_5x5_3x3 [minmay_the_grid_square_5x5_misaligned,
          minmay_the_grid_square_5x5_broken_cross,
          minmay_the_grid_square_5x5_eight,
          minmay_the_grid_square_5x5_bracketed,
          minmay_the_grid_square_5x5_megaprize_crossed,
          minmay_the_grid_square_5x5_z, minmay_the_grid_square_5x5_detours,
          minmay_the_grid_square_5x5_dogpile, minmay_the_grid_square_5x5_v],
          layout_loops_ring, nemelex_xobeh_ov_fountains_minmay,
          chequers_temple_overflow_statue_of_worship,
          cheibrodos_ashenzari_chains, grunt_dithmenos_smoke
D:8:      layout_basic, lemuel_round_altar, old_standard_altar, minivault_1,
          uniq_gastronok, uniq_maggie
D:9:      layout_loops_cross, marbit_many_paths, general_overflow_altar,
          lemuel_mausoleum_altar_yredelemnul, minmay_lair_entry_lava,
          hangedman_decor_points, kennysheep_small_square, uniq_erolcha

Skill      XL: |  1  2  3  4  5  6  7  8  9 10 |
---------------+-------------------------------+-----
Unarmed Combat | 4 6 7 9 13 14 15 | 15.0
Fighting       | 4 |  4.2
Dodging        | |  2.4

Action                   |  1- 3 |  4- 6 |  7- 9 | 10-12 || total
-------------------------+-------+-------+-------+-------++-------
Melee: Unarmed           |    80 |    64 |   145 |   137 ||   426
       Punch             |     1 |       |     8 |    14 ||    23
Invok: Berserk           |       |     1 |     3 |     2 ||     6
       Trog's Hand       |       |       |       |     1 ||     1
  Use: Scroll            |       |     5 |       |       ||     5
       Potion            |       |       |       |     2 ||     2
 Stab: Sleeping          |     1 |       |     3 |     2 ||     6
       Distracted        |       |     1 |       |       ||     1
Armor: Animal skin       |    24 |    17 |    42 |    39 ||   122
Dodge: Dodged            |    37 |    29 |    58 |    55 ||   179

Table legend: (Time is in decaauts)
 A = Elapsed time spent in this place.
 B = Non-inter-level travel time spent in this place.
 C = Inter-level travel time spent in this place.
 D = Time resting spent in this place.
 E = Time spent auto-exploring this place.
 F = Levels seen in this place.
 G = Mean time per level.
                   A        B        C        D        E       F      G
               +--------+--------+--------+--------+--------+-----+--------+
         Total |   3591 |   3453 |    138 |    349 |   2347 |   9 |  399.0 |
       Dungeon |   3591 |   3453 |    138 |    349 |   2347 |   9 |  399.0 |
               +--------+--------+--------+--------+--------+-----+--------+

Top non-repeatable levels by time:
     D:8: 1103 daAuts
     D:1: 657 daAuts
     D:4: 580 daAuts
     D:9: 458 daAuts
     D:5: 276 daAuts
     D:2: 251 daAuts
     D:7: 107 daAuts
     D:6: 89 daAuts
     D:3: 67 daAuts
